 Dungeon Crawl Stone Soup version 0.31-a0-702-gf82c85558f (webtiles) character file.

Game seed: 5111344308621911795

213 Shayle the Changeling (level 5, -3/48 HPs)
             Began as an Ogre Shapeshifter on Sept 8, 2023.
             Was an Initiate of Hepliaklqana.
             Slain by a gnoll
             ... wielding a +0 whip
              (7 damage)
             ... on level 4 of the Dungeon.
             The game lasted 00:07:36 (2692 turns).

Shayle the Changeling (Ogre Shapeshifter)           Turns: 2692, Time: 00:07:36

Health: -3/48      AC:  3    Str: 18    XL:     5   Next: 90%
Magic:  10/10      EV:  9    Int: 13    God:    Hepliaklqana [......]
Gold:   273        SH:  0    Dex:  8    Spells: 11/11 levels left

rFire   . .          .
                       - Unarmed
rCold   . . .        (no shield)
rNeg    . . .        a - +0 animal skin
rPois   .            (helmet currently unavailable)
rElec   .            (cloak currently unavailable)
rCorr   .            (gloves unavailable)
SInv    .            (boots unavailable)
Will    .....        (no amulet)
Stlth   +            (no ring)
HPRegen 0.28/turn    (no ring)
MPRegen 0.12/turn

%: no passive effects
@: beast-form
A: beast (slay +2), large, unfitting armour, tough skin 1
a: Begin Untransformation, Renounce Religion


You were on level 4 of the Dungeon.
You worshipped Hepliaklqana.
Hepliaklqana was noncommittal.
You were a hulking beast.
You visited 1 branch of the dungeon, and saw 4 of its levels.

You collected 273 gold pieces.

Inventory:

Missiles
 p - 4 atropa-tipped darts
Armour
 a - a +0 animal skin (worn)
Magical Staves
 l - a staff of conjuration
Jewellery
 g - a +4 ring of slaying
 o - a ring of fire
Talismans
 c - a beast talisman (active)
 d - a flux talisman
Scrolls
 h - a scroll of vulnerability {unknown}
 i - 2 scrolls of brand weapon {unknown}
 j - 3 scrolls of revelation {unknown}
 m - a scroll of enchant armour {unknown}
 n - 2 scrolls of identify {unknown}
Potions
 e - 2 potions of enlightenment
 f - a potion of ambrosia {unknown}
 k - 2 potions of curing {unknown}
 q - a potion of might {unknown}


   Skills:
 - Level 1.3 Fighting
 - Level 1.7 Dodging
 - Level 3.5 Unarmed Combat
 + Level 3.5 Spellcasting
 + Level 0.7 Invocations
 + Level 4.3 Shapeshifting


You had 11 spell levels left.
You didn't know any spells.
Your spell library contained the following spells:

 Spells                   Type           Power      Damage    Failure   Level
 Manifold Assault         Tloc           2%         N/A       91%         4
 Vhi's Electric Charge    Tloc/Air       4%         N/A       91%         4
 Arcjolt                  Conj/Air       1%         1d11      99%         5
 Dispersal                Tloc           1%         N/A       100%        6
 Disjunction              Tloc           1%         N/A       100%        8
 Maxwell's Capacitive Co  Air            1%         ∞         100%        8


Dungeon Overview and Level Annotations

Branches:
Dungeon (4/15)
 Temple: D:4-7

Altars:
Hepliaklqana


Innate Abilities, Weirdness & Mutations

You are a hulking beast.
Your limbs bulge with bestial killing power. (Slay +2)
You are too large for most types of armour.
You have tough skin. (AC +1)


Message History

The gnoll hits you with a +0 whip. The gnoll completely misses you.
You hit the gnoll.
You kill the gnoll!
The gnoll closely misses you. The gnoll hits you with a +0 whip.
The gnoll hits you with a +0 spear.
You hit the gnoll.
The gnoll is lightly wounded.
The gnoll hits you with a +0 whip. The gnoll closely misses you.
You barely miss the gnoll.
The gnoll is lightly wounded.
You hit the gnoll.
The gnoll is moderately wounded.
The gnoll barely misses you. The gnoll hits you with a +0 spear!
You closely miss the gnoll.
The gnoll is moderately wounded.
The gnoll hits you with a +0 whip. The gnoll barely misses you.
You hit the gnoll but do no damage.
The gnoll is moderately wounded.
The gnoll barely misses you. The gnoll closely misses you.
You hit the gnoll.
The gnoll is heavily wounded.
The gnoll hits you with a +0 whip. The gnoll hits you with a +0 spear.
You punch the gnoll!
You kill the gnoll!
The gnoll hits you with a +0 whip!
* * * LOW HITPOINT WARNING * * *
You hit the gnoll.
The gnoll is lightly wounded.
The gnoll hits you with a +0 whip!
* * * LOW HITPOINT WARNING * * *
You punch the gnoll!
The gnoll is almost dead.
The gnoll closely misses you.
You hit the gnoll but do no damage.
The gnoll is almost dead.
The gnoll barely misses you.
You hit the gnoll.
The gnoll is almost dead.
The gnoll hits you with a +0 whip!
You die...

## #.### ######
#...##### #.##.###
#..)g..# ##....#.
#.)h...## ##.....##
#.####...####.####..#
#.. ###...)..## ##.#
#... ##.###..####..
..... #># ##..##..#
...... ..# ##....##
....... #.## ##..##
....... #. #.## #.
#.##


You could see a gnoll.

Vanquished Creatures
  Jessica (D:2)
  7 gnolls
  3 adders
  4 worms
  4 dart slugs
  An orc (D:3)
  5 ball pythons
  5 endoplasms
  4 giant cockroaches
  6 goblins
  8 hobgoblins
  2 jackals (D:1)
  8 kobolds
  4 quokkas
  5 bats
  2 frilled lizards (D:1)
  5 rats
74 creatures vanquished.

Notes
Turn   | Place    | Note
-------+----------+-------------------------------------------
     0 | D:1      | Shayle the Ogre Shapeshifter began the quest for the Orb.
     0 | D:1      | Reached XP level 1. HP: 19/19 MP: 1/1
   165 | D:1      | Reached XP level 2. HP: 25/27 MP: 3/3
   182 | D:1      | HP: 2/40 [frozen (3)]
   184 | D:1      | Reached skill level 1 in Spellcasting
   463 | D:1      | Found a faded altar of an unknown god.
   503 | D:1      | Reached XP level 3. HP: 32/33 MP: 5/5
   900 | D:2      | Noticed Jessica
   911 | D:2      | Killed Jessica
   912 | D:2      | Reached XP level 4. HP: 33/41 MP: 5/7
  1684 | D:3      | Reached XP level 5. HP: 47/48 MP: 7/9
  1898 | D:3      | Reached skill level 4 in Shapeshifting
  2216 | D:3      | Found a hazy altar of Hepliaklqana.
  2224 | D:3      | Became a worshipper of Hepliaklqana the Forgotten
  2692 | D:4      | Slain by a gnoll

Illustrated notes

Levels and vault maps discovered:
D:1:      wander_arrival_chamber, layout_basic, ebering_ecumenical_altar_mist
D:2:      layout_rooms, kennysheep_generic_room_15, uniq_jessica
D:3:      layout_basic, mainiacjoe_overflow_tiny_flanked,
          minmay_goblin_kobold_house
D:4:      layout_layer_cave, kennysheep_mini

Skill      XL: |  1  2  3  4  5 |
---------------+----------------+-----
Spellcasting   | 1 2 3 |  3.5
Unarmed Combat | 3 |  3.5
Shapeshifting  | 4 |  4.3
Fighting       | |  1.3
Dodging        | |  1.7
Invocations    | |  0.7

Action                     |  1- 3 |  4- 6 || total
---------------------------+-------+-------++-------
  Melee: Unarmed           |    99 |   146 ||   245
         Punch             |     1 |     3 ||     4
    Use: Potion            |     3 |     1 ||     4
 Armour: Animal skin       |    62 |    82 ||   144
         Skin              |     5 |       ||     5
  Dodge: Dodged            |    51 |    54 ||   105

Table legend: (Time is in decaauts)
 A = Elapsed time spent in this place.
 B = Non-inter-level travel time spent in this place.
 C = Inter-level travel time spent in this place.
 D = Time resting spent in this place.
 E = Time spent auto-exploring this place.
 F = Levels seen in this place.
 G = Mean time per level.
                   A        B        C        D        E       F      G
               +--------+--------+--------+--------+--------+-----+--------+
         Total |   2682 |   2620 |     62 |    343 |   1440 |   4 |  670.5 |
       Dungeon |   2682 |   2620 |     62 |    343 |   1440 |   4 |  670.5 |
               +--------+--------+--------+--------+--------+-----+--------+

Top non-repeatable levels by time:
     D:3: 938 daAuts
     D:1: 877 daAuts
     D:2: 532 daAuts
     D:4: 333 daAuts
